 Dungeon Crawl Stone Soup version 0.24.0-41-g2ae2f7f1be (webtiles) character file.

Game seed: 4319395690000768188, levelgen mode: deterministic

315 Amplified the Magician (level 6, -1/47 HPs)
             Began as a Mummy Fire Elementalist on Dec 10, 2019.
             Slain by a water moccasin skeleton (3 damage)
             ... on level 5 of the Dungeon.
             The game lasted 00:09:23 (4279 turns).

Amplified the Magician (Mummy Fire Elementalist)    Turns: 4279, Time: 00:09:23

Health: -1/47      AC:  8    Str: 16    XL:     6   Next: 19%
Magic:  10/13      EV: 11    Int: 19    God:
Gold:   225        SH:  0    Dex: 11    Spells: 7/15 levels left

rFire    x . .     SeeInvis .   l - +0 spear of Valour {freeze, rC++ Str+3 Dex-2} (curse)
rCold    + + +     Gourm    .   (no shield)
rNeg     + + +     Faith    .   i - +0 ring mail
rPois    ∞         Spirit   .   (no helmet)
rElec    .         Reflect  .   (no cloak)
rCorr    .         Harm     .   f - +1 pair of gloves
MR       .....                  k - +0 pair of boots
Stlth    +.........             (no amulet)
HPRegen  0.15/turn              n - +5 ring of intelligence
MPRegen  0.13/turn              (no ring)

@: very slightly contaminated
A: no food or potions, fire vulnerability, cold resistance 1, negative energy
resistance 3, torment resistance, unbreathing
a: no special abilities


You were on level 5 of the Dungeon.
You were not hungry.

You visited 1 branch of the dungeon, and saw 5 of its levels.

You collected 225 gold pieces.

Inventory:

Hand Weapons
 l - the cursed +0 spear of Valour (weapon) {freeze, rC++ Str+3 Dex-2}
   (You found it on level 4 of the Dungeon)

   It has been specially enchanted to freeze those struck by it, causing extra
   injury to most foes and up to half again as much damage against particularly
   susceptible opponents.
   It can also slow down cold-blooded creatures.
   It affects your strength (+3).
   It affects your dexterity (-2).
   It greatly protects you from cold.
   It has a curse placed upon it.
Missiles
 c - 165 stones (quivered)
 g - 6 poisoned darts
 j - 8 javelins
Armour
 a - a +0 robe
 f - a +1 pair of gloves (worn)
 i - a +0 ring mail (worn)
 k - a +0 pair of boots (worn)
Jewellery
 n - a +5 ring of intelligence (left hand)
Scrolls
 e - a scroll of remove curse


   Skills:
 * Level 3.3 Fighting
 - Level 1.5 Dodging
 - Level 1.5 Stealth
 * Level 5.0 Spellcasting
 - Level 1.2 Conjurations
 - Level 2.6 Fire Magic
   Level 2.2 Evocations


You had 7 spell levels left.
You knew the following spells:

 Your Spells              Type           Power        Failure   Level  Hunger
a - Flame Tongue          Conj/Fire      ##...        11%         1    N/A
b - Conjure Flame         Conj/Fire      ##......     30%         3    N/A
c - Sticky Flame          Conj/Fire      ##......     71%         4    N/A

Your spell library contained the following spells:

 Spells                   Type           Power        Failure   Level  Hunger
 Throw Flame              Conj/Fire      ##....       16%         2    N/A
 Inner Flame              Hex/Fire       #.......     38%         3    N/A
 Fireball                 Conj/Fire      ##........   96%         5    N/A

Dungeon Overview and Level Annotations

Branches:
Dungeon (5/15)
 Temple: D:4-7

Altars:
Elyvilon
Hepliaklqana


Innate Abilities, Weirdness & Mutations

You do not eat or drink.
Your flesh is vulnerable to fire.
You are immune to poison.
Your flesh is cold resistant. (rC+)
You are immune to negative energy. (rN+++)
You are immune to unholy pain and torment.
You can survive without breathing.


Message History

You barely miss the orc priest.
The orc priest is moderately wounded.
The orc priest hits you with a +0 dagger.
* * * LOW HITPOINT WARNING * * *
The water moccasin skeleton bites you but does no damage.
The orc priest hits you with a +0 dagger.
* * * LOW HITPOINT WARNING * * *
Unknown command.
Okay, then.
Sorry, you're not good enough to have a special ability.
Unknown command.
You can't unwield your weapon to draw a new one!
Unknown command.
Attack whom?
Press: ? - help, Dir - move target cursor, f/p - orc priest
Aim: an orc priest, wielding a +0 dagger and wearing a +0 leather armour (moderately wounded)
You hit the orc priest. You freeze the orc priest.
The orc priest is heavily wounded.
The water moccasin skeleton bites you.
You die...

...# #....# ...#
#....#
..####...)######
................
................
..###.....####.#
. #.....# #.#
##.####
#.######### #.#
#.o@Z...... #.##
#.########. #..#
#.# ###'######.#
#..........#
#.......[..#
#..........#
####†#####!# #.#
#.#


You could see an orc priest and a water moccasin skeleton.

Vanquished Creatures
  2 orc priests
  2 orc wizards
  3 worker ants (D:4)
  5 adders
  2 oozes (D:2)
  5 worms
  A dart slug (D:3)
  3 leopard geckos
  5 orcs
  2 ball pythons
  8 bats
  3 giant cockroaches
  6 goblins
  7 hobgoblins
  6 kobolds
  3 frilled lizards
  3 rats
66 creatures vanquished.

Notes
Turn   | Place    | Note
-------+----------+-------------------------------------------
     0 | D:1      | Amplified the Mummy Fire Elementalist began the quest for
                  | the Orb.
     0 | D:1      | Reached XP level 1. HP: 13/13 MP: 4/4
   294 | D:1      | Reached skill level 1 in Conjurations
   597 | D:1      | Reached XP level 2. HP: 6/20 MP: 1/5
   910 | D:1      | Reached skill level 3 in Spellcasting
  1136 | D:1      | Reached skill level 1 in Fighting
  1418 | D:2      | Reached XP level 3. HP: 13/26 MP: 0/7
  1593 | D:2      | Learned a level 3 spell: Conjure Flame
  1983 | D:2      | Found a white marble altar of Elyvilon.
  2102 | D:3      | Reached skill level 1 in Evocations
  2102 | D:3      | Reached XP level 4. HP: 4/33 MP: 0/9
  2820 | D:3      | Reached skill level 4 in Spellcasting
  2911 | D:4      | Learned a level 4 spell: Sticky Flame
  2912 | D:4      | Reached XP level 5. HP: 39/39 MP: 11/11
  2926 | D:4      | Found a hazy altar of Hepliaklqana.
  3233 | D:4      | Reached XP level 6. HP: 34/47 MP: 8/13
  3574 | D:4      | Got a dazzling spear
  3575 | D:4      | Identified the cursed +0 spear of Valour {freeze, rC++
                  | Str+3 Dex-2} (You found it on level 4 of the Dungeon)
  3700 | D:5      | Entered Level 5 of the Dungeon
  4271 | D:5      | Reached skill level 5 in Spellcasting
  4278 | D:5      | HP: 2/47 [orc priest/+0 dagger (1)]
  4279 | D:5      | Slain by a water moccasin skeleton

Levels and vault maps discovered:
D:1:      minmay_arrival_loop, layout_basic, minmay_misc_feat_diagonals,
          minmay_heptomino_l4
D:2:      layout_basic, elyvilon_altar_5
D:3:      layout_loops_ring, guppyfry_early_lair_pool
D:4:      layout_rooms, overflow_temple_1_default, first_ration
D:5:      lemuel_ice_spiral_2, layout_basic, overflow_temple_1_default,
          serial_shops, nicolae_shop_competitors_out_of_business

Skill      XL: |  1  2  3  4  5  6 |
---------------+-------------------+-----
Conjurations   | 1 |  1.2
Spellcasting   | 3 4 5 |  5.0
Fighting       | 1 2 3 |  3.3
Evocations     | 1 2 |  2.2
Dodging        | |  1.5
Stealth        | |  1.5
Fire Magic     | |  2.6

Action                   |  1- 3 |  4- 6 || total
-------------------------+-------+-------++-------
Melee: Spear             |    65 |   166 ||   231
Throw: Stone             |     3 |       ||     3
 Cast: Flame Tongue      |    57 |    16 ||    73
       Conjure Flame     |     1 |       ||     1
Evoke: Wand              |       |    10 ||    10
  Use: Scroll            |     8 |     5 ||    13
 Stab: Sleeping          |       |     2 ||     2
Armor: Robe              |     3 |       ||     3
       Ring mail         |    31 |    71 ||   102
Dodge: Dodged            |    59 |    84 ||   143
